Construct Light Support Kompanie
Selects Italian Combined Arms Battlegroup
Selects Semovente da 75/18 Assault Gun
Selects Carro Armato M13/40 Light Tank
Carro Armato M13/40 Light Tank
Carro Armato M13/40 Light Tank
Carro Armato M13/40 Light Tank
Selects Bersaglieri Squad
Selects Vehicle Support - Secure Location
Selects Breda Model 30 Light Machine Guns
Construct Panzerarmee Kommand
Carro Armato M13/40 Light Tank
Carro Armato M13/40 Light Tank
Carro Armato M13/40 Light Tank